 Dungeon Crawl Stone Soup version 0.23.2-33-g5129a83184 (webtiles) character file.

Game seed: 7758038235778489688

26643 Joat the Slicer (level 13, 62/62 HPs)
             Began as a Spriggan Venom Mage on July 4, 2019.
             Was an Initiate of Gozag.
             Got out of the dungeon alive.
             The game lasted 02:19:36 (20413 turns).

Joat the Slicer (Spriggan Venom Mage)              Turns: 20413, Time: 02:19:36

Health: 62/62      AC:  7    Str: 10    XL:     13   Next: 0%
Magic:  26/26      EV: 22    Int: 34    God:    Gozag
Gold:   415        SH:  8    Dex: 20    Spells: 3/29 levels left

rFire    . . .     SeeInvis +   b - +7 rapier of Watchfulness {pierce, Str+6}
rCold    . . .     Gourm    .   L - +0 buckler
rNeg     + . .     Faith    .   p - +0 robe
rPois    +         Spirit   .   U - +2 hat
rElec    +         Reflect  .   C - +2 cloak
rCorr    .         Harm     .   (gloves unavailable)
MR       ++...                  (boots unavailable)
Stlth    ++++++....             u - amulet of regeneration
HPRegen  0.60/turn              g - +5 ring of intelligence
MPRegen  0.20/turn              F - ring "Veowie" {rElec rPois rN+ Int+7 Dex+4}

@: very quick
A: very small, unfitting armour, see invisible, herbivore, speed 3, slow
metabolism 2
a: Potion Petition, Call Merchant, Bribe Branch, Renounce Religion


You escaped.
You worshipped Gozag.
Gozag was aware of your devotion.
You were not hungry.

You visited 4 branches of the dungeon, and saw 17 of its levels.
You also visited: Sewer.

You collected 4714 gold pieces.
You spent 3070 gold pieces at shops.
You paid 1229 gold pieces to Gozag.

Inventory:

Hand Weapons
 a - a +2 dagger of venom
 b - the +7 rapier of Watchfulness (weapon) {pierce, Str+6}
   (You bought it in a shop on level 11 of the Dungeon)

   It inflicts extra damage upon your enemies.
   It affects your strength (+6).
 K - a +2 spear of piercing
 Q - a +3 scimitar of flaming
Armour
 p - a +0 robe (worn)
 C - a +2 cloak (worn)
 L - a +0 buckler (worn)
 U - a +2 hat (worn)
Jewellery
 g - a +5 ring of intelligence (left hand)
 u - an amulet of regeneration (around neck)
 F - the ring "Veowie" (right hand) {rElec rPois rN+ Int+7 Dex+4}
   (You bought it in a shop on level 2 of the Orcish Mines)

   [ring of positive energy]

   It affects your intelligence (+7).
   It affects your dexterity (+4).
   It insulates you from electricity.
   It protects you from poison.
   It protects you from negative energy.
 J - an uncursed ring of fire
Wands
 i - a wand of digging (10)
 k - a wand of acid (9)
 w - a wand of polymorph (15)
 G - a wand of flame (87)
 P - a wand of paralysis (14)
 T - a wand of enslavement (7)
Scrolls
 d - 5 scrolls of remove curse
 e - 7 scrolls of teleportation
 f - 2 scrolls of fear {unknown}
 j - 3 scrolls of fog
 m - a scroll of amnesia {unknown}
 s - a scroll of immolation
 v - a scroll of noise {unknown}
 x - 9 scrolls of blinking {unknown}
 y - a scroll of random uselessness {unknown}
 I - a scroll of vulnerability {unknown}
 M - 5 scrolls of identify
 N - 3 scrolls of magic mapping {unknown}
 O - a scroll of enchant weapon
 R - a scroll of brand weapon {unknown}
Potions
 h - 3 potions of lignification
 l - 9 potions of curing
 n - 2 potions of magic {unknown}
 q - a potion of flight
 r - 3 potions of heal wounds
 t - a potion of resistance
 z - a potion of haste
 A - 2 potions of brilliance
 B - a potion of agility
 D - 5 potions of invisibility {unknown}
 E - a potion of berserk rage
 H - a potion of ambrosia {unknown}
 S - a potion of cancellation {unknown}
Comestibles
 c - 18 rations


   Skills:
 - Level 4.3 Fighting
 - Level 14.0 Short Blades
 - Level 6.0 Dodging
 - Level 13.0 Stealth
 - Level 7.2 Shields
 * Level 8.9 Spellcasting
 - Level 1.0 Conjurations
 + Level 0.1 Hexes
 + Level 0.2 Transmutations
 - Level 4.0 Air Magic
 + Level 0.0 Earth Magic
 - Level 6.0 Poison Magic
 - Level 5.0 Evocations


You had 3 spell levels left.
You knew the following spells:

 Your Spells              Type           Power        Failure   Level  Hunger
a - Poisonous Vapours     Pois/Air       #####.       1%          2    None
c - Petrify               Tmut/Erth      ###.....     28%         4    None
d - Olgreb's Toxic Radia  Pois           ######..     2%          4    None
f - Cause Fear            Hex            ###.......   28%         4    None
v - Mephitic Cloud        Conj/Pois/Air  #####...     1%          3    None
w - Call Imp              Summ           ###.....     4%          2    None
z - Magic Dart            Conj           ###.         1%          1    None
B - Blink                 Tloc           N/A          4%          2    None
D - Ignite Poison         Fire/Tmut/Pois ####....     3%          3    None
Z - Sting                 Conj/Pois      ####         1%          1    None

Your spell library contained the following spells:

 Spells                   Type           Power        Failure   Level  Hunger
 Slow                     Hex            ###.....     4%          2    None
 Conjure Flame            Conj/Fire      ###.....     8%          3    None
 Venom Bolt               Conj/Pois      #####.....   21%         5    ###....
 Silence                  Hex/Air        ####......   34%         5    ###....
 Yara's Violent Unravell  Hex/Tmut       ###.......   58%         5    ###....
 Deflect Missiles         Chrm/Air       ####......   90%         6    #####..
 Hydra Form               Tmut           ###.......   99%         6    #####..
 Statue Form              Tmut/Erth      ###......    99%         6    #####..
 Discord                  Hex            ###.......   100%        8    #######


Dungeon Overview and Level Annotations

Branches:
Dungeon (11/15)            Temple (1/1) D:5            Lair (3/6) D:11
  Swamp (0/4) Lair:3          Orc (2/2) D:9             Elf (0/3) Orc:2
  Snake: Lair:2-4    Spider: Lair:2-4

Altars:
Ashenzari
Cheibriados
Dithmenos
Elyvilon
Fedhas
Gozag
Hepliaklqana
Kikubaaqudgha
Makhleb
Nemelex Xobeh
Okawaru
Qazlal
Ru
Sif Muna
Trog
Uskayaw
Vehumet
Wu Jian
Xom
Yredelemnul
Zin
The Shining One
Beogh

Shops:
D:11 (=}   Orc:2 ==:}(

Annotations:
D:9 wraith, hungry
D:10 hungry, 2 transporters, exclusion: orange crystal statue


Innate Abilities, Weirdness & Mutations

You are very small and have problems with some larger weapons.
You are too small for most types of armour.
You have supernaturally acute eyesight. (SInv)
You are a herbivore.
You cover ground extremely quickly.
You need to consume almost no food.


Message History

There is a stone staircase leading down here.
There is a stone staircase leading up here.
You climb upwards.
There is a stone staircase leading down here.
There is an open door here.
There is an open door here.
There is a stone staircase leading up here.
You climb upwards.
There is a stone staircase leading down here.
There is a stone staircase leading up here.
You climb upwards.
There is a stone staircase leading down here.
There is a stone staircase leading up here.
You climb upwards.
There is a stone staircase leading down here.
You enter the shallow water.
Moving in this stuff is going to be slow.
There is a staircase leading out of the dungeon here.
Are you sure you want to leave the Dungeon?
This will make you lose the game!
You have escaped!

#####..#########.###....###.#.#
.....#...### ##.#######..#.#.###
####.#.....####...####....#.#.(..
..##.#.#.....#..≈..#.....##.#..##
..##)#.#8..≈....≈....≈..8#.....#.
..##.#.##...≈..≈≈≈..≈...###.#..#.
..##.#)#.....≈≈≈≈≈≈≈.....##.##.#.
..##.#.....≈≈≈≈...≈≈≈≈....#.##.#.
..##.#...≈≈≈≈≈..@..≈≈≈≈≈.......#.
..'..#.....≈≈≈≈...≈≈≈≈......####.
..##.#.#.....≈≈≈≈≈≈≈.....#.......
####.#.##...≈..≈≈≈..≈...##...####
.# ###†#8..≈....≈....≈..8#......#
.# #)#.....#..≈..#.....#......#
.# #.....####...####.......####
.# #...#######.#######.....# ##
#...............[..(#...#


There were no monsters in sight!

Vanquished Creatures
  Nessos (Orc:2)
  A hydra (Lair:2)
  Erica (Lair:1)
  A two-headed ogre (D:9)
  4 orc high priests (Orc:2)
  Nergalle (Lair:1)
  2 orc sorcerers
  A cyclops (D:10)
  2 deep elf magi (Orc:2)
  A manticore (D:10)
  Maurice (D:8)
  Joseph (D:8)
  2 spiny frogs
  2 komodo dragons
  3 trolls
  A polar bear (Lair:2)
  6 hippogriffs
  2 hornets
  Sigmund (D:5)
  A shadow (D:11)
  2 wyverns
  11 yaks (Lair:1)
  2 basilisks (Lair:2)
  A warg (Orc:1)
  8 water moccasins
  7 porcupines
  27 orc warriors
  A swamp drake (Orc:2)
  A black bear (D:8)
  14 ogres
  2 ice beasts
  2 phantoms
  4 centaurs
  A necrophage (D:10)
  5 wolves (Lair:1)
  5 crocodiles
  A big kobold (D:9)
  6 gnoll sergeants (D:9)
  14 bullfrogs
  A wyvern zombie (D:7)
  4 scorpions
  A howler monkey (D:5)
  6 crimson imps
  A bullfrog zombie (D:5)
  6 hounds
  2 centaur skeletons
  4 jellies
  A quasit (D:5)
  2 bullfrog skeletons
  33 orc priests
  An iron imp (Orc:2)
  28 orc wizards
  7 worker ants
  A hound skeleton (D:4)
  2 howler monkey zombies
  A worker ant zombie (D:5)
  4 gnolls (D:9)
  14 adders
  A howler monkey skeleton (D:5)
  2 shadow imps
  A white imp (Orc:2)
  11 oozes
  An adder zombie (D:6)
  6 worms
  3 dart slugs
  16 leopard geckos
  95 orcs
  5 bats
  11 giant cockroaches
  4 goblins
  7 hobgoblins
  17 jackals
  8 quokkas
  13 ball pythons
  15 frilled lizards
  A jackal skeleton (D:5)
  9 kobolds
  A leopard gecko skeleton (D:6)
  A quokka skeleton (D:7)
  5 rats
  5 fungi
  A plant (D:11)
507 creatures vanquished.

Vanquished Creatures (others)
  An orc warrior (Orc:2)
  An orc wizard (Orc:2)
  3 plants
5 creatures vanquished.

Grand Total: 512 creatures vanquished

Notes
Turn   | Place    | Note
-------+----------+-------------------------------------------
     0 | D:1      | Joat the Spriggan Venom Mage began the quest for the Orb.
     0 | D:1      | Reached XP level 1. HP: 9/9 MP: 5/5
   542 | D:1      | Reached XP level 2. HP: 9/13 MP: 3/7
   632 | D:1      | Learned a level 2 spell: Poisonous Vapours
  1476 | D:1      | Reached XP level 3. HP: 16/16 MP: 6/9
  1780 | D:2      | Learned a level 3 spell: Mephitic Cloud
  2473 | D:3      | Reached skill level 1 in Conjurations
  2721 | D:3      | Found a shadowy altar of Dithmenos.
  2875 | D:3      | Reached skill level 1 in Air Magic
  2946 | D:3      | Reached XP level 4. HP: 19/21 MP: 5/11
  3128 | D:3      | Reached skill level 5 in Spellcasting
  3428 | D:4      | Reached skill level 1 in Short Blades
  3461 | D:4      | Reached XP level 5. HP: 24/24 MP: 10/13
  3560 | D:4      | Found a snail-covered altar of Cheibriados.
  3903 | D:4      | Noticed an ogre
  3937 | D:4      | Killed an ogre
  3937 | D:4      | Reached skill level 2 in Short Blades
  3937 | D:4      | Reached XP level 6. HP: 26/28 MP: 4/14
  4154 | D:4      | Noticed an ice beast
  4223 | D:4      | Found a sacrificial altar of Ru.
  4656 | D:5      | Entered Level 5 of the Dungeon
  5102 | D:5      | Reached skill level 3 in Short Blades
  5102 | D:5      | Reached skill level 5 in Stealth
  5113 | D:5      | Noticed an ice beast
  5212 | D:5      | Found a staircase to the Ecumenical Temple.
  5221 | Temple   | Entered the Ecumenical Temple
  5250 | Temple   | Became a worshipper of Gozag Ym Sagoz the Greedy
  5416 | D:5      | Reached XP level 7. HP: 32/32 MP: 6/16
  5417 | D:5      | Found a stormy altar of Qazlal.
  5629 | D:5      | Noticed Sigmund
  5739 | D:6      | Reached skill level 4 in Short Blades
  5915 | D:6      | Reached skill level 5 in Short Blades
  5964 | D:6      | Found a glowing drain.
  5973 | Sewer    | Entered a sewer
  6575 | Sewer    | Reached skill level 6 in Short Blades
  6596 | Sewer    | Reached XP level 8. HP: 34/36 MP: 1/18
  6751 | Sewer    | Learned a level 4 spell: Olgreb's Toxic Radiance
  7187 | D:6      | Reached skill level 1 in Fighting
  7273 | D:6      | Reached skill level 7 in Short Blades
  8012 | D:6      | Found an iron altar of Okawaru.
  8015 | D:6      | Found an ancient bone altar of Kikubaaqudgha.
  8047 | D:6      | Found a hazy altar of Hepliaklqana.
  8047 | D:6      | Found a sparkling altar of Nemelex Xobeh.
  8049 | D:6      | Found a bloodstained altar of Trog.
  8248 | D:5      | Killed Sigmund
  8248 | D:5      | Reached skill level 8 in Short Blades
  9048 | D:4      | Reached XP level 9. HP: 21/42 MP: 19/19
  9539 | Temple   | Reached skill level 9 in Short Blades
 10355 | D:7      | Reached skill level 10 in Short Blades
 10796 | D:8      | Found a stormy altar of Qazlal.
 10842 | D:8      | Noticed Maurice
 10845 | D:8      | Killed Maurice
 10929 | D:8      | Noticed Joseph
 11264 | D:8      | Reached skill level 5 in Poison Magic
 11312 | D:8      | Reached XP level 10. HP: 46/46 MP: 15/22
 11540 | D:8      | Killed Joseph
 11540 | D:8      | Reached skill level 5 in Dodging
 11540 | D:8      | Reached skill level 10 in Stealth
 11699 | D:8      | Found a shadowy altar of Dithmenos.
 11701 | D:8      | Found a radiant altar of Vehumet.
 11701 | D:8      | Found a shimmering altar of Xom.
 11703 | D:8      | Found a shimmering altar of Xom.
 11703 | D:8      | Found a hide-covered altar of Uskayaw.
 11703 | D:8      | Found a sparkling altar of Nemelex Xobeh.
 11804 | D:8      | Reached skill level 1 in Evocations
 12264 | D:10     | Entered Level 10 of the Dungeon
 12314 | D:9      | Noticed a two-headed ogre
 12320 | D:9      | Killed a two-headed ogre
 12393 | D:10     | Noticed a cyclops
 12500 | D:9      | Found a staircase to the Orcish Mines.
 12665 | D:9      | Reached skill level 1 in Shields
 13013 | Orc:1    | Entered Level 1 of the Orcish Mines
 13127 | Orc:2    | Entered Level 2 of the Orcish Mines
 13127 | Orc:2    | Noticed Nessos
 13303 | D:10     | Reached XP level 11. HP: 51/54 MP: 19/24
 13416 | D:10     | Found a transporter.
 13416 | D:10     | Noticed a sphinx
 13416 | D:10     | Noticed a sphinx
 13418 | D:10     | Noticed an orange crystal statue
 13418 | D:10     | Noticed a wolf spider
 13424 | D:10     | Noticed a two-headed ogre
 13428 | D:10     | Found a transporter.
 13930 | D:10     | Found a roughly hewn altar of Beogh.
 14477 | D:11     | Found Festo's Antique Weapon Boutique.
 14482 | D:11     | Found Coxkaock's Jewellery Emporium.
 14511 | D:11     | Bought a shimmering rapier for 243 gold pieces
 14511 | D:11     | Identified the +7 rapier of Watchfulness {pierce, Str+6}
                  | (You bought it in a shop on level 11 of the Dungeon)
 14918 | D:11     | Found Isobb's Gadget Shoppe.
 14989 | D:11     | Found a staircase to the Lair.
 15083 | Lair:1   | Entered Level 1 of the Lair of Beasts
 15110 | Lair:1   | Reached skill level 5 in Shields
 15167 | Lair:1   | Noticed Nergalle
 15185 | Lair:1   | Killed Nergalle
 15254 | Lair:1   | Noticed Erica
 15269 | Lair:1   | Killed Erica
 16307 | Lair:2   | Reached XP level 12. HP: 37/58 MP: 19/25
 16416 | Lair:2   | Noticed a five-headed hydra
 16419 | Lair:2   | Killed a five-headed hydra
 16419 | Lair:2   | Reached skill level 11 in Short Blades
 17528 | Lair:3   | Found a staircase to the Swamp.
 17901 | Orc:2    | Reached skill level 12 in Short Blades
 17912 | Orc:2    | Killed Nessos
 18016 | Orc:2    | Found a roughly hewn altar of Beogh.
 18513 | Orc:2    | Found a staircase to the Elven Halls.
 18622 | Orc:1    | Reached skill level 13 in Short Blades
 18804 | Orc:2    | Noticed an orc high priest
 18819 | Orc:2    | Killed an orc high priest
 18919 | Orc:2    | Learned a level 2 spell: Blink
 18922 | Orc:2    | Learned a level 2 spell: Call Imp
 18924 | Orc:2    | Learned a level 1 spell: Magic Dart
 19060 | Orc:2    | Reached skill level 14 in Short Blades
 19178 | Orc:2    | Noticed an orc high priest
 19190 | Orc:2    | Killed an orc high priest
 19190 | Orc:2    | Reached skill level 5 in Evocations
 19236 | Orc:2    | Noticed an orc high priest
 19257 | Orc:2    | Noticed an orc high priest
 19525 | Orc:2    | Got a shimmering hat
 19544 | Orc:2    | Identified the -3 hat of the Spider Nest {Int+4} (You found
                  | it on level 2 of the Orcish Mines)
 19633 | Orc:2    | Killed an orc high priest
 19644 | Orc:2    | Killed an orc high priest
 19807 | Orc:2    | Found Lorghev's Antique Weapon Shop.
 19807 | Orc:2    | Found Naics's Gadget Shop.
 19808 | Orc:2    | Found Poac Buosh's Jewellery Boutique.
 19811 | Orc:2    | Found Yliug's Book Boutique.
 19964 | Orc:2    | Bought a ration for 70 gold pieces
 19964 | Orc:2    | Bought a ration for 70 gold pieces
 19964 | Orc:2    | Bought a ration for 70 gold pieces
 19964 | Orc:2    | Bought a ration for 70 gold pieces
 19964 | Orc:2    | Bought a ration for 70 gold pieces
 19964 | Orc:2    | Bought a ration for 70 gold pieces
 19964 | Orc:2    | Bought a ration for 70 gold pieces
 19964 | Orc:2    | Bought a ration for 70 gold pieces
 19964 | Orc:2    | Bought a ration for 70 gold pieces
 19964 | Orc:2    | Bought a ration for 70 gold pieces
 19964 | Orc:2    | Bought a ration for 70 gold pieces
 19964 | Orc:2    | Bought a ration for 70 gold pieces
 19973 | Orc:2    | Bought the Incunabulum of Moulding for 884 gold pieces
 19978 | Orc:2    | Learned a level 3 spell: Ignite Poison
 19985 | Orc:2    | Bought the ring "Veowie" {rElec rPois rN+ Int+7 Dex+4} for
                  | 1103 gold pieces
 19995 | Orc:2    | Learned a level 4 spell: Cause Fear
 20000 | Orc:2    | Learned a level 4 spell: Petrify
 20173 | Lair:3   | Reached XP level 13. HP: 54/62 MP: 26/26
 20413 | D:$      | Got out of the dungeon alive.

Skill      XL: |  1  2  3  4  5  6  7  8  9 10 11 12 |
---------------+-------------------------------------+-----
Spellcasting   | 3 4 5 6 7 8 |  8.9
Conjurations   | 1 |  1.0
Air Magic      | 1 2 3 4 |  4.0
Short Blades   | 1 2 3 6 8 10 14 | 14.0
Stealth        | 4 5 7 9 12 13 | 13.0
Poison Magic   | 4 5 6 |  6.0
Fighting       | 2 4 |  4.3
Dodging        | 4 5 6 |  6.0
Evocations     | 3 5 |  5.0
Shields        | 2 7 |  7.2
Hexes          | |  0.1
Transmutations | |  0.2

Action                   |  1- 3 |  4- 6 |  7- 9 | 10-12 | 13-15 || total
-------------------------+-------+-------+-------+-------+-------++-------
Melee: Dagger            |   124 |   139 |  1145 |   436 |       ||  1844
       Unarmed           |     4 |       |       |       |       ||     4
       Rapier            |       |       |       |   257 |    22 ||   279
 Cast: Sting             |    42 |       |    40 |     7 |       ||    89
       Poisonous Vapours |    13 |    52 |   143 |   104 |       ||   312
       Mephitic Cloud    |       |     1 |     1 |    24 |       ||    26
       Olgreb's Toxic Ra |       |       |     1 |    39 |       ||    40
       Magic Dart        |       |       |       |     1 |       ||     1
Invok: Call Merchant     |       |       |       |     2 |       ||     2
Evoke: Wand              |       |       |     1 |     1 |       ||     2
  Use: Scroll            |       |       |    15 |     3 |       ||    18
 Stab: Sleeping          |     7 |    11 |    21 |    39 |       ||    78
       Distracted        |       |     1 |     2 |     8 |       ||    11
       Confused          |       |       |     1 |    16 |       ||    17
  Eat: Ration            |       |     1 |     4 |     5 |       ||    10
Armor: Robe              |     7 |    18 |    60 |    17 |       ||   102
Dodge: Dodged            |   129 |   167 |   745 |   346 |       ||  1387
Block: Buckler           |       |       |       |    67 |       ||    67
